 Dungeon Sprint DCSS version 0.30-a0-808-g6e0788376e (webtiles) character file.

Game seed: 6239085041764382334

3703 rocky1 the Bludgeoner (level 9, 0/92 HPs)
             Began as a Minotaur Fighter on Feb 27, 2023.
             Was an Elder of Okawaru.
             Slain by a catoblepas (7 damage)
             ... while petrified by a catoblepas
             ... in the Dungeon (Sprint IX: "|||||||||||||||||||||||||||||").
             The game lasted 00:02:47 (1147 turns).

rocky1 the Bludgeoner (Minotaur Fighter)            Turns: 1147, Time: 00:02:47

Health: 0/92       AC: 14    Str: 26    XL:     9   Next: 91%
Magic:  12/12      EV:  2    Int:  7    God:    Okawaru [****..]
Gold:   12         SH:  0    Dex: 10    Spells: 8/8 levels left

rFire   . . .      SeeInvis .    a - +0 flail
rCold   . . .      Faith    .    c - +0 buckler
rNeg    + + +      Spirit   .    o - +1 scale mail
rPois   ∞          Reflect  .    (helmet restricted)
rElec   .          Harm     .    (no cloak)
rCorr   .          Rampage  .    (no gloves)
Will    .....      NoTele   +    n - +0 pair of boots Stlth
                                 (no amulet)
HPRegen 0.35/turn                q - +2 ring of protection
MPRegen 0.13/turn                p - +3 ring of strength

@: petrified, on berserk cooldown, slowed
A: horns 2, retaliatory headbutt
a: Renounce Religion, Heroism, Finesse


You were in the Dungeon.
You worshipped Okawaru.
Okawaru was greatly pleased with you.
You visited 1 branch You collected 12 gold pieces.

Inventory:

Hand Weapons
 a - a +0 flail (weapon)
 m - a +2 heavy morningstar
Armour
 c - a +0 buckler (worn)
 n - a +0 pair of boots (worn)
 o - a +1 scale mail (worn)
Jewellery
 p - a +3 ring of strength (right hand)
 q - a +2 ring of protection (left hand)
Wands
 l - a wand of iceblast (10)
Scrolls
 j - 4 scrolls of blinking
 k - 2 scrolls of amnesia
 s - 4 scrolls of enchant weapon
 t - 2 scrolls of enchant armour
Potions
 b - a potion of berserk rage
 d - 2 potions of might
 e - 5 potions of curing
 f - 2 potions of heal wounds
 g - a potion of haste
 h - 4 potions of magic
 i - a potion of invisibility
 r - a potion of resistance


   Skills:
 + Level 12.6 Fighting
 + Level 15.2 Maces & Flails
 + Level 13.0 Armour
 + Level 6.6 Dodging
 + Level 11.8 Shields
 + Level 6.3 Invocations


You had 8 spell levels left.
You didn't know any spells.
Your spell library was empty.

Dungeon Overview and Level Annotations

Branches:
Dungeon (1/1)

Altars:
Cheibriados
Dithmenos
Elyvilon
Fedhas
Gozag
Hepliaklqana
Kikubaaqudgha
Makhleb
Nemelex Xobeh
Okawaru
Qazlal
Ru
Sif Muna
Trog
Uskayaw
Vehumet
Wu Jian
Xom
Yredelemnul
Zin
The Shining One
Jiyva
Lugonu


Innate Abilities, Weirdness & Mutations

You have a pair of horns on your head.
You reflexively headbutt those who attack you in melee.


Message History

The catoblepas is severely wounded.
You are engulfed in calcifying dust.
The catoblepas closely misses you.
You hit the catoblepas.
The catoblepas is almost dead.
You are engulfed in calcifying dust.
You are slowing down.
The catoblepas gores you!!
* * * LOW HITPOINT WARNING * * *
Unknown command.
Unknown command.
You sock the catoblepas!
You headbutt the catoblepas, but do no damage.
The catoblepas is almost dead.
You are engulfed in calcifying dust.
The cane toad is no longer petrified.
The catoblepas breathes a plume of calcifying dust at you.
The blast of calcifying dust hits you.
* * * LOW HITPOINT WARNING * * *
The catoblepas gores you but does no damage.
Your limbs are stiffening.
Unknown command.
You feel much better.
You are engulfed in calcifying dust.
The catoblepas gores you but does no damage.
The catoblepas gores you!!
You have turned to stone.
The catoblepas gores you. The catoblepas gores you!!
* * * LOW HITPOINT WARNING * * *
The catoblepas breathes a plume of calcifying dust at you.
The blast of calcifying dust hits you.
* * * LOW HITPOINT WARNING * * *
You are engulfed in calcifying dust.
The catoblepas breathes a plume of calcifying dust at you.
The blast of calcifying dust hits you.
* * * LOW HITPOINT WARNING * * *
You are engulfed in calcifying dust.
The catoblepas breathes a plume of calcifying dust at you.
The blast of calcifying dust hits you but does no damage.
You are engulfed in calcifying dust.
The catoblepas gores you!!
* * * LOW HITPOINT WARNING * * *
The catoblepas gores you!
You die...

▓▓▓▓▓▓▓▓▓▓▓▓▓▓▓▓▓▓▓▓▓▓▓▓
..'......)[...§§@YFFYhFF
▓▓▓▓▓▓▓▓▓▓▓▓▓▓▓▓▓▓▓▓▓▓▓▓▓▓▓▓▓▓▓▓▓
.................................
▓▓▓▓▓▓▓▓▓▓▓▓▓▓▓▓▓▓▓▓▓▓▓▓▓▓▓▓▓▓▓▓▓
.†...)†....'_____________________
▓▓▓▓▓▓▓▓▓▓▓▓▓▓▓▓▓▓▓▓▓▓▓▓▓▓▓▓▓▓▓▓▓


You could see a catoblepas, a yak, 3 cane toads, a black bear and a bullfrog.

Vanquished Creatures
  A centaur warrior (D)
  A tengu warrior (D)
  2 deep elf pyromancers (D)
  A gargoyle (D)
  A polar bear (D)
  3 trolls (D)
  A wyvern (D)
  A yak (D)
  A steam dragon (D)
  An orc warrior (D)
  An ogre (D)
  A bullfrog (D)
  3 hounds (D)
  A dart slug (D)
  An endoplasm (D)
  A giant cockroach (D)
  2 quokkas (D)
  A bat (D)
24 creatures vanquished.

Notes
Turn   | Place    | Note
-------+----------+-------------------------------------------
     0 | D        | rocky1 the Minotaur Fighter began the quest for the Orb.
     0 | D        | Reached XP level 1. HP: 19/19 MP: 0/0
    14 | D        | Reached skill level 3 in Maces & Flails
   119 | D        | Noticed an ogre
   119 | D        | Noticed a hound
   119 | D        | Noticed a hound
   119 | D        | Noticed a hound
   122 | D        | Killed an ogre
   123 | D        | Reached skill level 5 in Maces & Flails
   123 | D        | Reached XP level 2. HP: 31/31 MP: 1/1
   123 | D        | Reached XP level 3. HP: 38/38 MP: 2/2
   123 | D        | Reached XP level 4. HP: 45/45 MP: 3/3
   128 | D        | Reached skill level 1 in Dodging
   132 | D        | Reached skill level 6 in Maces & Flails
   132 | D        | Reached XP level 5. HP: 52/52 MP: 4/4
   165 | D        | Found a snail-covered altar of Cheibriados.
   165 | D        | Found a shadowy altar of Dithmenos.
   165 | D        | Found a white marble altar of Elyvilon.
   165 | D        | Found a blossoming altar of Fedhas.
   165 | D        | Found an opulent altar of Gozag.
   166 | D        | Found a hazy altar of Hepliaklqana.
   167 | D        | Found a viscous altar of Jiyva.
   168 | D        | Found an ancient bone altar of Kikubaaqudgha.
   169 | D        | Found a corrupted altar of Lugonu.
   170 | D        | Found a burning altar of Makhleb.
   171 | D        | Found a sparkling altar of Nemelex Xobeh.
   172 | D        | Found an iron altar of Okawaru.
   173 | D        | Found a stormy altar of Qazlal.
   174 | D        | Found a sacrificial altar of Ru.
   175 | D        | Found a shimmering blue altar of Sif Muna.
   176 | D        | Found a bloodstained altar of Trog.
   177 | D        | Found a hide-covered altar of Uskayaw.
   178 | D        | Found a radiant altar of Vehumet.
   179 | D        | Found an ornate altar of the Wu Jian Council.
   180 | D        | Became a worshipper of Warmaster Okawaru
   181 | D        | Found a shimmering altar of Xom.
   182 | D        | Found a basalt altar of Yredelemnul.
   183 | D        | Found a glowing silver altar of Zin.
   184 | D        | Found a glowing golden altar of the Shining One.
   231 | D        | Noticed a yak
   231 | D        | Noticed a wyvern
   231 | D        | Noticed an orc warrior
   231 | D        | Noticed a steam dragon
   231 | D        | Noticed a troll
   231 | D        | Noticed a troll
   236 | D        | Killed a yak
   237 | D        | Reached skill level 8 in Maces & Flails
   237 | D        | Reached XP level 6. HP: 61/62 MP: 4/7
   246 | D        | Killed a wyvern
   246 | D        | Reached * piety under Okawaru
   252 | D        | Killed an orc warrior
   253 | D        | Reached skill level 9 in Maces & Flails
   253 | D        | Reached XP level 7. HP: 40/70 MP: 2/9
   257 | D        | Killed a steam dragon
   264 | D        | Killed a troll
   264 | D        | Reached ** piety under Okawaru
   265 | D        | Reached skill level 10 in Fighting
   265 | D        | Reached skill level 10 in Maces & Flails
   265 | D        | Reached skill level 5 in Invocations
   276 | D        | Killed a troll
   277 | D        | Reached skill level 10 in Armour
   277 | D        | Reached skill level 10 in Shields
   277 | D        | Reached XP level 8. HP: 38/80 MP: 4/11
   657 | D        | Noticed a deep elf pyromancer
   657 | D        | Noticed a deep elf pyromancer
   657 | D        | Noticed a centaur warrior
   657 | D        | Noticed a troll
   657 | D        | Noticed a tengu warrior
   657 | D        | Noticed a gargoyle
   663 | D        | Killed a deep elf pyromancer
   664 | D        | Reached skill level 11 in Maces & Flails
   667 | D        | Killed a deep elf pyromancer
   667 | D        | Reached *** piety under Okawaru
   668 | D        | Reached skill level 12 in Maces & Flails
   681 | D        | Killed a centaur warrior
   682 | D        | Reached skill level 13 in Maces & Flails
   682 | D        | Reached skill level 5 in Dodging
   682 | D        | Reached XP level 9. HP: 49/90 MP: 12/12
   688 | D        | Killed a troll
   689 | D        | Reached skill level 14 in Maces & Flails
   693 | D        | Killed a tengu warrior
   693 | D        | Reached **** piety under Okawaru
   704 | D        | Killed a gargoyle
   705 | D        | Reached skill level 15 in Maces & Flails
  1089 | D        | Noticed a polar bear
  1089 | D        | Noticed a cane toad
  1097 | D        | Noticed a cane toad
  1098 | D        | Noticed a catoblepas
  1109 | D        | Killed a polar bear
  1116 | D        | Noticed a cane toad
  1147 | D        | Slain by a catoblepas

Illustrated notes

Levels and vault maps discovered:
D:        linesprint [early_d, line_temple, items_1, d_10, items_2, lair_1,
          lair_end, items_3, orc_1, orc_end, items_4, d_15, swamp_1, shoals_1,
          snake_1, spider_1, d_20, vaults_1, items_5, swamp_end, shoals_end,
          snake_end, spider_end, vaults_end, d_27, items_6, zot_1, zot_end,
          crypt_end, forest_end, elf_end, slime_end, tomb_end, abyss_end,
          pan_hell_end]

Skill      XL: |  1  2  3  4  5  6  7  8  9 |
---------------+----------------------------+-----
Fighting       | 6 7 8 9 10 11 12 | 12.6
Armour         | 6 7 8 9 10 11 13 | 13.0
Shields        | 6 7 8 9 10 11 | 11.8
Maces & Flails | 5 6 8 9 10 13 15 | 15.2
Dodging        | 1 2 3 5 6 |  6.6
Invocations    | 2 4 6 |  6.3

Action                     |  1- 3 |  4- 6 |  7- 9 || total
---------------------------+-------+-------+-------++-------
  Melee: Flail             |    11 |    30 |   104 ||   145
         Headbutt          |     1 |     5 |    30 ||    36
 Invoke: Heroism           |       |     1 |     1 ||     2
    Use: Potion            |     1 |     1 |     4 ||     6
 Armour: Scale mail        |     5 |     8 |    52 ||    65
  Dodge: Dodged            |     7 |    11 |    50 ||    68
  Block: Buckler           |     1 |     7 |    28 ||    36

Table legend: (Time is in decaauts)
 A = Elapsed time spent in this place.
 B = Non-inter-level travel time spent in this place.
 C = Inter-level travel time spent in this place.
 D = Time resting spent in this place.
 E = Time spent auto-exploring this place.
 F = Levels seen in this place.
 G = Mean time per level.
                   A        B        C        D        E       F      G
               +--------+--------+--------+--------+--------+-----+--------+
         Total |   1115 |   1115 |      0 |    763 |      0 |   1 | 1115.0 |
       Dungeon |   1115 |   1115 |      0 |    763 |      0 |   1 | 1115.0 |
               +--------+--------+--------+--------+--------+-----+--------+

Top non-repeatable levels by time:
       D: 1115 daAuts
